 Dungeon Crawl Stone Soup version 0.30-a0-172-gc5509c9e31 (webtiles) character file.

Game seed: 15260352475163346082

54721 qw the Severer (level 14, -4/92 HPs)
             Began as a Gargoyle Fighter on Oct 1, 2022.
             Was a High Priest of Okawaru.
             Slain by an ettin
             ... wielding a +0 dire flail
              (17 damage)
             ... on level 13 of the Dungeon.
             The game lasted 00:07:27 (17697 turns).

qw the Severer (Gargoyle Fighter)                  Turns: 17697, Time: 00:07:28

Health: -4/92      AC: 44    Str: 26    XL:     14   Next: 74%
Magic:  17/21      EV: 13    Int:  8    God:    Okawaru [*****.]
Gold:   1556       SH:  8    Dex: 20    Spells: 13/13 levels left

rFire   . . .      SeeInvis +    w - +1 demon whip (venom)
rCold   . . .      Faith    .    c - +0 buckler
rNeg    + + .      Spirit   .    B - +1 plate armour of Ashenzari's Hatred {Will+ Dex+4}
rPois   inf        Reflect  .    E - +2 helmet
rElec   +          Harm     .    j - +2 cloak
rCorr   .          Rampage  .    m - +0 pair of gloves "Jule" {rN+ Dex+7}
Will    ++...                    f - +1 pair of boots
Stlth   ..........               (no amulet)
HPRegen 0.35/turn                p - +4 ring of protection
MPRegen 0.17/turn                o - ring of see invisible

@: about to teleport, heroic, finesse-ful, flying
A: sickness immunity, AC +10, big wings, negative energy resistance 1,
electricity resistance, torment resistance 1, petrification resistance, hooves
1, screaming 1, MP-powered wands
a: Renounce Religion, Heroism, Finesse, Duel


You were on level 13 of the Dungeon.
You worshipped Okawaru.
Okawaru was extremely pleased with you.
You visited 3 branches of the dungeon, and saw 19 of its levels.
You also visited: Ossuary.

You collected 2067 gold pieces.
You spent 511 gold pieces at shops.


Innate Abilities, Weirdness & Mutations

You are immune to sickness and miasma.
Your stone body is resilient. (AC +10)
You are immune to poison.
Your large and strong wings let you fly.
You resist negative energy. (rN+)
You are resistant to electric shocks. (rElec)
You are resistant to unholy torment.
You are immune to petrification.
You have large cloven feet.
You occasionally shout uncontrollably at your foes.
You expend magic power (3 MP) to strengthen your wands.


   Skills:
 - Level 12.0(17.0) Fighting
 - Level 15.0(20.0) Axes
 - Level 5.0(10.0) Throwing
 + Level 11.4(16.4) Armour
 - Level 5.0(10.0) Dodging
 - Level 7.3(12.3) Shields
 - Level 10.1 Invocations


You had 13 spell levels left.
You didn't know any spells.
Your spell library was empty.

Inventory:

Hand Weapons
 w - a +1 demon whip of venom (weapon)
 Y - a +4 broad axe of electrocution
Missiles
 n - 5 boomerangs (quivered)
 C - 5 javelins
Armour
 c - a +0 buckler (worn)
 e - the +2 pair of boots of Follow the Leader {Harm Will+ Int+3}
   (You acquired it on level 4 of the Dungeon)

   Int:       It affects your intelligence (+3).
   Harm:      It increases damage dealt and taken.
   Will:      It increases your willpower.
 f - a +1 pair of boots (worn)
 j - a +2 cloak (worn)
 m - the +0 pair of gloves "Jule" (worn) {rN+ Dex+7}
   (You found it on level 3 of the Dungeon)

   Dex:       It affects your dexterity (+7).
   rN:        It protects you from negative energy.
 B - the +1 plate armour of Ashenzari's Hatred (worn) {Will+ Dex+4}
   (You found it on level 11 of the Dungeon)

   Dex:       It affects your dexterity (+4).
   Will:      It increases your willpower.
 D - a +0 plate armour of fire resistance
 E - a +2 helmet (worn)
Jewellery
 h - a ring of ice
 o - a ring of see invisible (right hand)
 p - a +4 ring of protection (left hand)
 s - a ring of protection from fire
 u - a ring of fire
 y - a ring of resist corrosion
 z - the ring "Pipnuv" {Wiz +Blink rElec rCorr Str-4}
   (You found it on level 5 of the Lair of Beasts)

   [ring of wizardry]

   It improves your spell success rate.
   Str:       It affects your strength (-4).
   rElec:     It insulates you from electricity.
   +Blink:    It lets you blink.
   rCorr:     It protects you from acid and corrosion.
 A - a ring of positive energy
Scrolls
 k - 7 scrolls of identify
 v - 6 scrolls of teleportation
Potions
 a - 4 potions of attraction
 b - 4 potions of curing
 d - 3 potions of might
 i - 4 potions of haste
 l - 5 potions of mutation
 q - a potion of magic
 r - 6 potions of lignification
 t - 3 potions of heal wounds
 x - a potion of cancellation

Dungeon Overview and Level Annotations

Branches:
Dungeon (13/15)            Temple (1/1) D:7            Lair (5/5) D:10
  Swamp (0/4) Lair:3       Spider (0/4) Lair:3        Slime (0/5) Lair:4
    Orc (0/2) D:10        Ossuary (visited)
 Vaults: D:13-14

Altars:
Ashenzari
Cheibriados
Dithmenos
Elyvilon
Fedhas
Gozag
Hepliaklqana
Kikubaaqudgha
Makhleb
Nemelex Xobeh
Okawaru
Qazlal
Ru
Sif Muna
Trog
Uskayaw
Vehumet
Wu Jian
Xom
Yredelemnul
Zin
The Shining One
Jiyva

Shops:
D:11 [

Annotations:
D:6 2 transporters, qw's ghost, novice GrFi
D:7 1 runed translucent door, Crazy Yiuf
Lair:1 2 transporters
Lair:5 1 runed translucent door, qw's ghost, journeyman GrFi


Message History

You whack the ettin!
The ettin is poisoned.
The ettin is lightly wounded.
The orc knight shouts loudly.
You block the orc knight's attack. You block the ettin's attack.
The ettin barely misses you.
You whack the ettin!
The ettin looks as sick as possible!
The ettin is moderately wounded.
You hit the ettin but do no damage.
The ettin looks as sick as possible!
The ettin is moderately wounded.
You hit the ettin.
The ettin looks as sick as possible!
The ettin is heavily wounded.
You completely miss the ettin.
The ettin is heavily wounded.
The orc knight barely misses you.
The ettin hits you with a +0 dire flail!
You block the ettin's attack.
You barely miss the ettin.
The ettin is heavily wounded.
17693 ||| SWAPPING to +4 broad axe of electrocution.
Your +1 demon whip of venom stops dripping with poison.
You hear the crackle of electricity.
Y - a +4 broad axe of electrocution (weapon)
You barely miss the ettin.
The ettin is heavily wounded.
You block the ettin's attack. x2; The orc knight barely misses you.
You hit the ettin.
The ettin is heavily wounded.
17696 ||| SWAPPING to +1 demon whip of venom.
Your +4 broad axe of electrocution stops crackling.
Your +1 demon whip of venom begins to drip with poison!
w - a +1 demon whip of venom (weapon)
The ettin hits you with a +0 dire flail!
You block the ettin's attack.
The orc knight hits you from afar with a +3 glaive!
17697 ||| READING 7 scrolls of teleportation.
As you read the scroll of teleportation, it crumbles to dust.
You feel strangely unstable. The rakshasa completely misses you.
The orc knight misses you.
The ettin hits you with a +0 dire flail!
You die...

#(..#...##[=##.......
#.(%#..##..$(##......
.# #.%.#.##....?#
...... ..#
#...###.....# .....#
...##....##....# ....
...W##....#'..#
.....##....##
#...g.##....##
#.....#@...^#
#..WoC##......
##..R..##......
##.....##......
+#.....#######
##.....# ##.....#
#.....# #.....


You could see an orc knight (strong), an ettin (extremely poisoned), a rakshasa
(summoned) and a wraith (summoned).

Vanquished Creatures
  Rupert (Lair:5)
  Kirke (D:12)
  A stone giant (D:13)
  A dire elephant (Lair:5)
  A vampire knight (D:13)
  A hydra (D:13)
  2 catoblepae
  A two-headed ogre (D:11)
  A deep troll shaman (Lair:5)
  13 death yaks
  Nergalle (D:11)
  Sonja (D:11)
  Amaemon (Lair:1)
  2 deep elf pyromancers (D:13)
  An ugly thing (D:11)
  2 manticores
  2 cyclopes
  2 black mambas
  14 elephants
  A black mamba (shapeshifter) (D:13)
  An eye of devastation (Lair:4)
  9 cane toads
  3 gargoyles
  An orange demon (Lair:1)
  2 rime drakes
  2 unseen horrors (D:12)
  5 komodo dragons
  8 trolls
  5 polar bears
  A jumping spider (Lair:3)
  12 blink frogs
  A centaur simulacrum (D:13)
  A vampire (D:12)
  A shadow (D:11)
  3 wyverns
  2 wraiths (D:10)
  47 yaks
  5 humans (D:12)
  6 basilisks
  6 vampire mosquitoes (D:13)
  Menkaure (D:4)
  3 wargs (D:10)
  4 acid dragons
  11 water moccasins
  A floating eye (Lair:3)
  2 orc warriors
  3 black bears (D:7)
  2 ice beasts (D:7)
  Duvessa (D:7)
  3 ogres
  14 centaurs
  7 wolves
  11 kobold brigands
  3 gnoll sergeants
  14 bullfrogs
  2 necrophages
  14 scorpions
  Dowan (D:7)
  4 wights (D:7)
  3 killer bees (D:9)
  9 howler monkeys
  A centaur zombie (Ossuary)
  A jelly (D:6)
  3 hounds
  3 human zombies (Ossuary)
  5 orc priests
  3 iguanas (D:5)
  5 scorpion zombies (Ossuary)
  5 orc wizards
  3 mummies (Ossuary)
  26 gnolls
  7 adders
  A white imp (D:6)
  An ufetubus (D:5)
  A worm (D:2)
  4 dart slugs
  17 orcs
  6 ball pythons
  2 endoplasms
  2 giant cockroaches
  A gnoll zombie (Ossuary)
  2 goblins (D:2)
  10 hobgoblins
  7 jackals
  62 kobolds
  3 quokkas
  8 bats
  2 frilled lizards
  3 goblin zombies (Ossuary)
  2 hobgoblin zombies (Ossuary)
  A kobold zombie (Ossuary)
  3 orc zombies (Ossuary)
  6 rats
490 creatures vanquished.

Vanquished Creatures (others)
  A tengu warrior (D:13)
  3 wolves (Lair:4)
  A bullfrog (Lair:4)
  51 fungi
  26 plants
82 creatures vanquished.

Grand Total: 572 creatures vanquished

Notes
Turn   | Place    | Note
-------+----------+-------------------------------------------
     0 | D:1      | qw the Gargoyle Fighter began the quest for the Orb.
     0 | D:1      | Reached XP level 1. HP: 14/14 MP: 1/1
     0 | D:1      | 0 ||| qw: Version: 0.2-a-13-gfc7b4b4
     0 | D:1      | 0 ||| qw: Game counter: 1802
     0 | D:1      | 0 ||| qw: Always use a shield: true
     0 | D:1      | 0 ||| qw: God list: Okawaru
     0 | D:1      | 0 ||| qw: Allow faded altars: false
     0 | D:1      | 0 ||| qw: Do Orc after D:15 true
     0 | D:1      | 0 ||| qw: Do second Lair branch before Depths: true
     0 | D:1      | 0 ||| qw: Lair rune preference: random
     0 | D:1      | 0 ||| qw: Plans: Normal, Zot:1-4, God:TSO, Crypt, Tomb,
                  | Pan, Slime:5, Hells, Abyss, Orb
     0 | D:1      | 0 ||| PLANNING D:1-11
   121 | D:1      | Reached skill level 2 in Axes
   339 | D:1      | 339 ||| Stepping ~*~*~tactically~*~*~ (stealth).
   349 | D:1      | 349 ||| Stepping ~*~*~tactically~*~*~ (stealth).
   356 | D:1      | Reached XP level 2. HP: 16/19 MP: 2/2
   383 | D:1      | 383 ||| Stepping ~*~*~tactically~*~*~ (stealth).
   429 | D:1      | 429 ||| UPGRADING to +0 chain mail.
   439 | D:1      | 439 ||| DROPPING +0 scale mail.
   440 | D:1      | 440 ||| READING scroll labelled BAGGUMIBOD.
   489 | D:2      | Reached skill level 3 in Axes
   489 | D:2      | Reached XP level 3. HP: 22/23 MP: 3/3
   491 | D:2      | 491 ||| Stepping ~*~*~tactically~*~*~ (stealth).
   756 | D:2      | 756 ||| Stepping ~*~*~tactically~*~*~ (stealth).
   758 | D:2      | 758 ||| Stepping ~*~*~tactically~*~*~ (stealth).
   760 | D:2      | 760 ||| Stepping ~*~*~tactically~*~*~ (stealth).
   771 | D:2      | Found a faded altar of an unknown god.
   779 | D:2      | Reached XP level 4. HP: 24/28 MP: 4/4
  1025 | D:2      | 1025 ||| UPGRADING to +0 cloak.
  1030 | D:2      | 1030 ||| READING scroll labelled EXTEEVV MOOB.
  1031 | D:2      | 1031 ||| DRINKING 2 fizzy green potions.
  1032 | D:2      | 1032 ||| DRINKING 2 fizzy yellow potions.
  1266 | D:3      | Identified the +0 pair of gloves "Jule" {rN+ Dex+7}
  1350 | D:3      | Reached skill level 4 in Axes
  1563 | D:3      | 1563 ||| Stepping ~*~*~tactically~*~*~ (stealth).
  1594 | D:3      | Paralysed by a kobold for 4 turns
  1685 | D:3      | Found a burning altar of Makhleb.
  1912 | D:3      | 1912 ||| Stepping ~*~*~tactically~*~*~ (hiding).
  2225 | D:3      | 2225 ||| UPGRADING to +0 pair of gloves "Jule" {rN+ Dex+7}.
  2230 | D:3      | 2230 ||| READING 2 scrolls labelled IDUEJI PUOGH.
  2231 | D:3      | 2231 ||| DRINKING 3 yellow potions.
  2232 | D:3      | 2232 ||| DRINKING 2 red potions.
  2232 | D:3      | Gained mutation: You occasionally shout uncontrollably at
                  | your foes. [potion of mutation]
  2232 | D:3      | Gained mutation: You have hidden genetic potential. [potion
                  | of mutation]
  2233 | D:3      | 2233 ||| DROPPING 2 potions of brilliance.
  2322 | D:4      | Noticed an ogre
  2332 | D:4      | Killed an ogre
  2333 | D:4      | Reached XP level 5. HP: 18/32 MP: 5/5
  2356 | D:4      | Gained mutation: You have large cloven feet. [hidden
                  | potential]
  2404 | D:4      | 2404 ||| Stepping ~*~*~tactically~*~*~ (stealth).
  2418 | D:4      | 2418 ||| Stepping ~*~*~tactically~*~*~ (stealth).
  2424 | D:4      | 2424 ||| Stepping ~*~*~tactically~*~*~ (stealth).
  2426 | D:4      | 2426 ||| Stepping ~*~*~tactically~*~*~ (stealth).
  2505 | D:4      | 2505 ||| Stepping ~*~*~tactically~*~*~ (stealth).
  2530 | D:4      | Noticed a water moccasin
  2545 | D:4      | Killed a water moccasin
  2546 | D:4      | Reached skill level 5 in Axes
  2546 | D:4      | Reached XP level 6. HP: 37/37 MP: 6/6
  2561 | D:4      | 2561 ||| Stepping ~*~*~tactically~*~*~ (stealth).
  2568 | D:4      | 2568 ||| Stepping ~*~*~tactically~*~*~ (stealth).
  2571 | D:4      | Gained mutation: You expend magic power (3 MP) to
                  | strengthen your wands. [hidden potential]
  2571 | D:4      | Lost mutation: You have hidden genetic potential. [hidden
                  | potential expressed]
  2657 | D:4      | Noticed Menkaure
  2659 | D:4      | Killed Menkaure
  2660 | D:4      | Reached skill level 6 in Axes
  2660 | D:4      | Reached XP level 7. HP: 43/43 MP: 7/7
  2958 | D:4      | 2958 ||| UPGRADING to +0 plate armour.
  2968 | D:4      | 2968 ||| DROPPING +0 chain mail.
  2969 | D:4      | 2969 ||| UPGRADING to amulet of guardian spirit.
  2974 | D:4      | 2974 ||| UPGRADING to +4 ring of protection.
  2975 | D:4      | 2975 ||| READING 3 scrolls labelled VIN WEETZI.
  2975 | D:4      | Identified 3 scrolls of acquirement
  2975 | D:4      | 2975 ||| ACQUIRING 805 gold pieces
  2975 | D:4      | Acquired 805 gold pieces
  2977 | D:4      | 2977 ||| READING 2 scrolls of acquirement.
  2977 | D:4      | 2977 ||| ACQUIRING +2 pair of boots of Follow the Leader
                  | {Harm Will+ Int+3}
  2977 | D:4      | Acquired the +2 pair of boots of Follow the Leader {Harm
                  | Will+ Int+3}
  2979 | D:4      | 2979 ||| READING scroll of acquirement.
  2979 | D:4      | 2979 ||| ACQUIRING +0 broad axe of freezing
  2979 | D:4      | Acquired a +0 broad axe of freezing
  2981 | D:4      | 2981 ||| SWAPPING to +0 broad axe of freezing.
  2982 | D:4      | 2982 ||| DROPPING +0 war axe.
  2983 | D:4      | 2983 ||| READING scroll labelled IXKOYC RASTRAGO.
  2984 | D:4      | 2984 ||| READING scroll labelled COXTED RICLULI.
  2992 | D:5      | Entered Level 5 of the Dungeon
  2993 | D:5      | 2993 ||| PLANNING OSSUARY
  3013 | D:5      | 3013 ||| DROPPING +0 mace.
  3089 | D:5      | Found an ancient bone altar of Kikubaaqudgha.
  3385 | D:5      | Noticed a +0 spear
  3385 | D:5      | Noticed a +0 falchion
  3390 | D:5      | Found a sand-covered staircase.
  3391 | D:5      | 3391 ||| READING scroll labelled NISAWE CIXAWN.
  3392 | D:5      | 3392 ||| DRINKING 2 orange potions.
  3393 | D:5      | 3393 ||| DRINKING 2 fizzy ruby potions.
  3394 | D:5      | 3394 ||| READING 2 scrolls of identify.
  3394 | D:5      | 3394 ||| IDENTIFYING smoky inky potion
  3395 | D:5      | 3395 ||| DROPPING potion of magic.
  3400 | Ossuary  | Entered an ossuary
  3425 | Ossuary  | Reached skill level 7 in Axes
  3444 | Ossuary  | Reached XP level 8. HP: 48/48 MP: 8/8
  3465 | Ossuary  | 3465 ||| Stepping ~*~*~tactically~*~*~ (stealth).
  3466 | Ossuary  | 3466 ||| Stepping ~*~*~tactically~*~*~ (stealth).
  3592 | Ossuary  | Reached skill level 8 in Axes
  3670 | Ossuary  | Reached skill level 6 in Fighting
  3672 | Ossuary  | 3672 ||| Stepping ~*~*~tactically~*~*~ (stealth).
  3695 | Ossuary  | 3695 ||| READING scroll labelled CENUISS YRAIMO.
  3700 | Ossuary  | 3700 ||| READING scroll labelled NENLURCH QAUR.
  3701 | Ossuary  | 3701 ||| DRINKING 4 fuming pink potions.
  3702 | Ossuary  | 3702 ||| DRINKING 3 glowing grey potions.
  3743 | Ossuary  | 3743 ||| READING 2 scrolls of identify.
  3743 | Ossuary  | 3743 ||| IDENTIFYING blue potion
  3744 | Ossuary  | 3744 ||| DROPPING 3 potions of flight.
  3745 | Ossuary  | 3745 ||| DROPPING potion of invisibility.
  3774 | D:5      | 3774 ||| PLANNING D:1-11
  3785 | D:5      | Noticed a +0 spear
  3786 | D:5      | Noticed a +0 falchion
  3786 | D:5      | Noticed a +0 dagger
  3786 | D:5      | Noticed a +0 dagger
  3787 | D:5      | Noticed a +0 short sword
  3788 | D:5      | Noticed a +0 short sword
  3799 | D:5      | Found a hide-covered altar of Uskayaw.
  3916 | D:5      | Reached XP level 9. HP: 55/55 MP: 9/9
  4047 | D:5      | 4047 ||| Stepping ~*~*~tactically~*~*~ (hiding).
  4048 | D:5      | 4048 ||| Stepping ~*~*~tactically~*~*~ (hiding).
  4049 | D:5      | 4049 ||| Stepping ~*~*~tactically~*~*~ (hiding).
  4051 | D:5      | 4051 ||| Stepping ~*~*~tactically~*~*~ (hiding).
  4057 | D:5      | 4057 ||| DRINKING 2 potions of curing.
  4057 | D:5      | 4057 ||| (to cure confusion)
  4076 | D:5      | 4076 ||| Stepping ~*~*~tactically~*~*~ (hiding).
  4088 | D:5      | 4088 ||| Stepping ~*~*~tactically~*~*~ (stealth).
  4153 | D:5      | Reached skill level 9 in Axes
  4261 | D:5      | 4261 ||| Stepping ~*~*~tactically~*~*~ (stealth).
  4277 | D:5      | 4277 ||| Stepping ~*~*~tactically~*~*~ (stealth).
  4365 | D:5      | Reached skill level 6 in Armour
  4801 | D:6      | Found a shadowy altar of Dithmenos.
  5134 | D:6      | Noticed qw's ghost (novice GrFi)
  5141 | D:6      | Found a transporter.
  5218 | D:6      | 5218 ||| Stepping ~*~*~tactically~*~*~ (stealth).
  5262 | D:6      | Found a broken altar of Ashenzari.
  5484 | D:6      | Found a transporter.
  5873 | D:6      | 5873 ||| UPGRADING to ring of protection from fire.
  5874 | D:6      | 5874 ||| READING scroll labelled WIWYUSURE.
  5875 | D:6      | 5875 ||| READING scroll labelled OPEUTI KYOTUY.
  5876 | D:6      | 5876 ||| DRINKING 2 pink potions.
  5877 | D:6      | 5877 ||| READING 3 scrolls of identify.
  5877 | D:6      | 5877 ||| IDENTIFYING lumpy orange potion
  5878 | D:6      | 5878 ||| READING 2 scrolls of identify.
  5878 | D:6      | 5878 ||| IDENTIFYING fuming purple potion
  5879 | D:6      | 5879 ||| DROPPING potion of degeneration.
  5880 | D:6      | 5880 ||| DROPPING potion of berserk rage.
  5881 | D:6      | 5881 ||| DROPPING potion of ambrosia.
  5900 | D:7      | 5900 ||| STAIRDANCE
  5919 | D:7      | 5919 ||| STAIRDANCE
  5964 | D:7      | Noticed Dowan
  5965 | D:7      | 5965 ||| Stepping ~*~*~tactically~*~*~ (hiding).
  5968 | D:7      | Noticed Duvessa
  5975 | D:7      | Killed Duvessa
  5976 | D:7      | Reached skill level 10 in Axes
  5978 | D:7      | Killed Dowan
  6058 | D:7      | 6058 ||| Stepping ~*~*~tactically~*~*~ (stealth).
  6061 | D:7      | 6061 ||| Stepping ~*~*~tactically~*~*~ (stealth).
  6065 | D:7      | 6065 ||| Stepping ~*~*~tactically~*~*~ (hiding).
  6066 | D:7      | 6066 ||| Stepping ~*~*~tactically~*~*~ (hiding).
  6067 | D:7      | 6067 ||| Stepping ~*~*~tactically~*~*~ (hiding).
  6068 | D:7      | 6068 ||| Stepping ~*~*~tactically~*~*~ (hiding).
  6069 | D:7      | 6069 ||| Stepping ~*~*~tactically~*~*~ (hiding).
  6077 | D:7      | Reached XP level 10. HP: 53/63 MP: 8/10
  6113 | D:7      | 6113 ||| READING scroll of enchant armour.
  6113 | D:7      | 6113 ||| ENCHANTING +0 cloak.
  6196 | D:7      | 6196 ||| READING scroll of enchant armour.
  6196 | D:7      | 6196 ||| ENCHANTING +1 cloak.
  6364 | D:7      | Found a staircase to the Ecumenical Temple.
  6365 | D:7      | 6365 ||| PLANNING TEMPLE
  6365 | D:7      | 6365 ||| READING scroll labelled ITSOAC GOSSUSS.
  6366 | D:7      | 6366 ||| READING 2 scrolls of identify.
  6366 | D:7      | 6366 ||| IDENTIFYING ruby potion
  6375 | Temple   | Entered the Ecumenical Temple
  6410 | Temple   | 6410 ||| PLANNING D:1-11
  6414 | Temple   | 6414 ||| PLANNING OKAWARU WORSHIP
  6414 | Temple   | Became a worshipper of Warmaster Okawaru
  6415 | Temple   | 6415 ||| PLANNING D:1-11
  6415 | Temple   | 6415 ||| REMOVING amulet of guardian spirit.
  6420 | Temple   | 6420 ||| DROPPING amulet of guardian spirit.
  6473 | D:7      | 6473 ||| READING scroll of enchant armour.
  6473 | D:7      | 6473 ||| ENCHANTING +0 plate armour.
  6608 | D:7      | Found a runed translucent door.
  6609 | D:7      | Noticed Crazy Yiuf
  6871 | D:7      | 6871 ||| READING scroll labelled YPSIHY ZUREORY.
  7153 | D:8      | 7153 ||| Stepping ~*~*~tactically~*~*~ (hiding).
  7290 | D:8      | 7290 ||| Stepping ~*~*~tactically~*~*~ (stealth).
  7623 | D:8      | 7623 ||| UPGRADING to +0 pair of boots.
  7628 | D:8      | 7628 ||| READING scroll labelled AMATAAK OCADUR.
  7665 | D:9      | Reached * piety under Okawaru
  7666 | D:9      | 7666 ||| INVOKING Heroism.
  7837 | D:9      | 7837 ||| Stepping ~*~*~tactically~*~*~ (hiding).
  7905 | D:9      | Reached skill level 1 in Invocations
  7916 | D:9      | Reached skill level 11 in Axes
  7976 | D:9      | Found a snail-covered altar of Cheibriados.
  8087 | D:9      | 8087 ||| INVOKING Heroism.
  8092 | D:9      | 8092 ||| Stepping ~*~*~tactically~*~*~ (stealth).
  8102 | D:9      | 8102 ||| INVOKING Heroism.
  8104 | D:9      | Reached skill level 3 in Invocations
  8131 | D:9      | 8131 ||| Stepping ~*~*~tactically~*~*~ (stealth).
  8136 | D:9      | 8136 ||| INVOKING Heroism.
  8154 | D:9      | Found an ornate altar of the Wu Jian Council.
  8162 | D:9      | 8162 ||| Stepping ~*~*~tactically~*~*~ (hiding).
  8163 | D:9      | 8163 ||| Stepping ~*~*~tactically~*~*~ (hiding).
  8172 | D:9      | 8172 ||| INVOKING Heroism.
  8175 | D:9      | HP: 16/64 [acid dragon/splash of acid (27)]
  8176 | D:9      | 8176 ||| READING scroll of teleportation.
  8177 | D:9      | 8177 ||| DRINKING 3 potions of heal wounds.
  8192 | D:9      | 8192 ||| FLEEEEING.
  8193 | D:9      | 8193 ||| FLEEEEING.
  8194 | D:9      | 8194 ||| FLEEEEING.
  8195 | D:9      | 8195 ||| FLEEEEING.
  8196 | D:9      | 8196 ||| FLEEEEING.
  8197 | D:9      | 8197 ||| FLEEEEING.
  8199 | D:9      | 8199 ||| FLEEEEING.
  8200 | D:9      | 8200 ||| FLEEEEING.
  8201 | D:9      | 8201 ||| FLEEEEING.
  8202 | D:9      | 8202 ||| FLEEEEING.
  8203 | D:9      | 8203 ||| FLEEEEING.
  8205 | D:9      | 8205 ||| FLEEEEING.
  8206 | D:9      | 8206 ||| FLEEEEING.
  8207 | D:9      | 8207 ||| FLEEEEING.
  8208 | D:9      | 8208 ||| FLEEEEING.
  8209 | D:9      | 8209 ||| FLEEEEING.
  8210 | D:9      | 8210 ||| FLEEEEING.
  8211 | D:9      | 8211 ||| FLEEEEING.
  8212 | D:9      | 8212 ||| FLEEEEING.
  8213 | D:9      | 8213 ||| FLEEEEING.
  8214 | D:9      | 8214 ||| FLEEEEING.
  8215 | D:9      | 8215 ||| FLEEEEING.
  8216 | D:9      | 8216 ||| FLEEEEING.
  8217 | D:9      | 8217 ||| FLEEEEING.
  8218 | D:9      | 8218 ||| FLEEEEING.
  8219 | D:9      | 8219 ||| FLEEEEING.
  8220 | D:9      | 8220 ||| FLEEEEING.
  8221 | D:9      | 8221 ||| FLEEEEING.
  8222 | D:9      | 8222 ||| FLEEEEING.
  8223 | D:9      | 8223 ||| FLEEEEING.
  8224 | D:9      | 8224 ||| FLEEEEING.
  8225 | D:9      | 8225 ||| FLEEEEING.
  8226 | D:9      | 8226 ||| FLEEEEING.
  8229 | D:9      | 8229 ||| FLEEEEING.
  8230 | D:9      | 8230 ||| FLEEEEING.
  8231 | D:9      | 8231 ||| FLEEEEING.
  8232 | D:9      | 8232 ||| FLEEEEING.
  8233 | D:9      | 8233 ||| FLEEEEING.
  8234 | D:9      | 8234 ||| FLEEEEING.
  8235 | D:9      | 8235 ||| FLEEEEING.
  8236 | D:9      | 8236 ||| FLEEEEING.
  8237 | D:9      | 8237 ||| FLEEEEING.
  8238 | D:9      | 8238 ||| FLEEEEING.
  8240 | D:9      | 8240 ||| FLEEEEING.
  8241 | D:9      | 8241 ||| FLEEEEING.
  8242 | D:9      | 8242 ||| FLEEEEING.
  8243 | D:9      | 8243 ||| FLEEEEING.
  8244 | D:9      | 8244 ||| FLEEEEING.
  8246 | D:9      | 8246 ||| Stepping ~*~*~tactically~*~*~ (stealth).
  8249 | D:9      | 8249 ||| INVOKING Heroism.
  8304 | D:9      | Found a sparkling altar of Nemelex Xobeh.
  8409 | D:9      | Found a glowing golden altar of the Shining One.
  8703 | D:9      | 8703 ||| DROPPING +1 cloak.
  8717 | D:10     | Entered Level 10 of the Dungeon
  8729 | D:10     | 8729 ||| INVOKING Heroism.
  8867 | D:10     | 8867 ||| INVOKING Heroism.
  8874 | D:10     | 8874 ||| Stepping ~*~*~tactically~*~*~ (stealth).
  8877 | D:10     | 8877 ||| Stepping ~*~*~tactically~*~*~ (stealth).
  8879 | D:10     | Reached ** piety under Okawaru
  8902 | D:10     | 8902 ||| INVOKING Heroism.
  8906 | D:10     | Reached XP level 11. HP: 66/68 MP: 11/14
  8933 | D:10     | 8933 ||| INVOKING Heroism.
  8945 | D:10     | Reached skill level 9 in Fighting
  9099 | D:10     | Found a staircase to the Lair.
  9262 | D:10     | 9262 ||| INVOKING Heroism.
  9270 | D:10     | Reached skill level 1 in Throwing
  9282 | D:10     | 9282 ||| Stepping ~*~*~tactically~*~*~ (stealth).
  9284 | D:10     | 9284 ||| Stepping ~*~*~tactically~*~*~ (stealth).
  9287 | D:10     | 9287 ||| INVOKING Heroism.
  9291 | D:10     | Reached skill level 3 in Dodging
  9295 | D:10     | 9295 ||| Stepping ~*~*~tactically~*~*~ (stealth).
  9342 | D:10     | 9342 ||| Stepping ~*~*~tactically~*~*~ (stealth).
  9417 | D:10     | 9417 ||| Stepping ~*~*~tactically~*~*~ (stealth).
  9418 | D:10     | 9418 ||| Stepping ~*~*~tactically~*~*~ (stealth).
  9420 | D:10     | 9420 ||| Stepping ~*~*~tactically~*~*~ (stealth).
  9428 | D:10     | Reached *** piety under Okawaru
  9556 | D:10     | Found a staircase to the Orcish Mines.
  9796 | D:9      | 9796 ||| PLANNING LAIR
  9830 | Lair:1   | Entered Level 1 of the Lair of Beasts
  9831 | Lair:1   | 9831 ||| INVOKING Heroism.
  9849 | Lair:1   | 9849 ||| INVOKING Heroism.
  9864 | Lair:1   | Reached skill level 12 in Axes
  9947 | Lair:1   | 9947 ||| INVOKING Heroism.
  9968 | Lair:1   | Received a gift from Okawaru
  9969 | Lair:1   | Reached skill level 9 in Armour
 10024 | Lair:1   | Found a transporter.
 10026 | Lair:1   | Found a transporter.
 10027 | Lair:1   | Noticed a boulder beetle
 10188 | Lair:1   | 10188 ||| INVOKING Heroism.
 10230 | Lair:1   | Noticed Amaemon
 10231 | Lair:1   | 10231 ||| INVOKING Heroism.
 10241 | Lair:1   | Killed Amaemon
 10247 | Lair:1   | Reached skill level 6 in Shields
 10281 | Lair:1   | 10281 ||| DROPPING +0 flail.
 10473 | Lair:1   | Noticed a boulder beetle
 10689 | Lair:2   | 10689 ||| STAIRDANCE
 10700 | Lair:2   | Reached **** piety under Okawaru
 10703 | Lair:2   | 10703 ||| STAIRDANCE
 10805 | Lair:2   | 10805 ||| INVOKING Heroism.
 10807 | Lair:2   | 10807 ||| Stepping ~*~*~tactically~*~*~ (stealth).
 10827 | Lair:2   | 10827 ||| Stepping ~*~*~tactically~*~*~ (stealth).
 10832 | Lair:2   | 10832 ||| INVOKING Heroism.
 10834 | Lair:2   | Reached XP level 12. HP: 77/77 MP: 12/15
 10835 | Lair:2   | 10835 ||| Stepping ~*~*~tactically~*~*~ (stealth).
 10836 | Lair:2   | 10836 ||| Stepping ~*~*~tactically~*~*~ (stealth).
 10840 | Lair:2   | 10840 ||| Stepping ~*~*~tactically~*~*~ (stealth).
 10845 | Lair:2   | 10845 ||| Stepping ~*~*~tactically~*~*~ (stealth).
 10846 | Lair:2   | 10846 ||| Stepping ~*~*~tactically~*~*~ (stealth).
 10863 | Lair:2   | 10863 ||| INVOKING Heroism.
 10868 | Lair:2   | 10868 ||| Stepping ~*~*~tactically~*~*~ (stealth).
 10893 | Lair:2   | 10893 ||| Stepping ~*~*~tactically~*~*~ (stealth).
 10906 | Lair:2   | Reached skill level 6 in Invocations
 11037 | Lair:2   | 11037 ||| Stepping ~*~*~tactically~*~*~ (stealth).
 11043 | Lair:2   | Reached ***** piety under Okawaru
 11045 | Lair:2   | 11045 ||| INVOKING Heroism.
 11085 | Lair:2   | 11085 ||| Stepping ~*~*~tactically~*~*~ (hiding).
 11091 | Lair:2   | Received a gift from Okawaru
 11113 | Lair:2   | Found a glowing golden altar of the Shining One.
 11252 | Lair:2   | 11252 ||| INVOKING Heroism.
 11667 | Lair:2   | 11667 ||| DROPPING amulet of faith.
 11668 | Lair:2   | 11668 ||| READING scroll labelled ETRORPH TUGIAH.
 11717 | Lair:3   | 11717 ||| INVOKING Heroism.
 11755 | Lair:3   | 11755 ||| Stepping ~*~*~tactically~*~*~ (stealth).
 11757 | Lair:3   | 11757 ||| Stepping ~*~*~tactically~*~*~ (stealth).
 11758 | Lair:3   | 11758 ||| Stepping ~*~*~tactically~*~*~ (stealth).
 11779 | Lair:3   | 11779 ||| INVOKING Heroism.
 11779 | Lair:3   | Noticed a death yak
 11780 | Lair:3   | 11780 ||| Stepping ~*~*~tactically~*~*~ (stealth).
 11790 | Lair:3   | Noticed a death yak
 11791 | Lair:3   | 11791 ||| INVOKING Finesse.
 11812 | Lair:3   | Killed a death yak
 11813 | Lair:3   | Reached skill level 13 in Axes
 11871 | Lair:3   | Noticed a death yak
 11871 | Lair:3   | Noticed a death yak
 11872 | Lair:3   | 11872 ||| INVOKING Heroism.
 11873 | Lair:3   | 11873 ||| INVOKING Finesse.
 11880 | Lair:3   | Killed a death yak
 11887 | Lair:3   | Killed a death yak
 11901 | Lair:3   | Killed a death yak
 12009 | Lair:3   | 12009 ||| Stepping ~*~*~tactically~*~*~ (stealth).
 12010 | Lair:3   | 12010 ||| Stepping ~*~*~tactically~*~*~ (stealth).
 12012 | Lair:3   | 12012 ||| Stepping ~*~*~tactically~*~*~ (stealth).
 12014 | Lair:3   | 12014 ||| INVOKING Heroism.
 12021 | Lair:3   | Reached skill level 9 in Invocations
 12078 | Lair:3   | Found a staircase to the Swamp.
 12113 | Lair:3   | 12113 ||| Stepping ~*~*~tactically~*~*~ (hiding).
 12174 | Lair:3   | Noticed a death yak
 12175 | Lair:3   | 12175 ||| Stepping ~*~*~tactically~*~*~ (stealth).
 12176 | Lair:3   | 12176 ||| INVOKING Heroism.
 12178 | Lair:3   | Reached XP level 13. HP: 82/82 MP: 17/20
 12188 | Lair:3   | 12188 ||| Stepping ~*~*~tactically~*~*~ (stealth).
 12348 | Lair:3   | 12348 ||| INVOKING Heroism.
 12349 | Lair:3   | 12349 ||| INVOKING Finesse.
 12631 | Lair:3   | Found a hole to the Spider Nest.
 12855 | Lair:4   | 12855 ||| INVOKING Heroism.
 12859 | Lair:4   | 12859 ||| STAIRDANCE
 12869 | Lair:4   | 12869 ||| STAIRDANCE
 12869 | Lair:4   | Paralysed by a floating eye for 4 turns
 12873 | Lair:4   | 12873 ||| STAIRDANCE
 12999 | Lair:4   | Paralysed by a floating eye for 4 turns
 13003 | Lair:4   | 13003 ||| STAIRDANCE
 13008 | Lair:3   | 13008 ||| INVOKING Heroism.
 13107 | Lair:4   | 13107 ||| STAIRDANCE
 13157 | Lair:4   | Found a viscous altar of Jiyva.
 13159 | Lair:4   | Found a staircase to the Slime Pits.
 13207 | Lair:4   | 13207 ||| INVOKING Heroism.
 13354 | Lair:4   | 13354 ||| INVOKING Heroism.
 13356 | Lair:4   | 13356 ||| Stepping ~*~*~tactically~*~*~ (stealth).
 13357 | Lair:4   | 13357 ||| Stepping ~*~*~tactically~*~*~ (stealth).
 13460 | Lair:4   | Identified the +7 great sword of a volcano {vorpal, Int+4
                  | SInv} (Okawaru gifted it to you on level 4 of the Lair of
                  | Beasts)
 13460 | Lair:4   | Received a gift from Okawaru
 13700 | Lair:4   | Reached skill level 14 in Axes
 13728 | Lair:4   | 13728 ||| INVOKING Heroism.
 13914 | Lair:5   | Entered Level 5 of the Lair of Beasts
 13917 | Lair:5   | 13917 ||| INVOKING Heroism.
 13926 | Lair:5   | Noticed Rupert
 13927 | Lair:5   | 13927 ||| INVOKING Finesse.
 13954 | Lair:5   | Killed Rupert
 14136 | Lair:5   | 14136 ||| INVOKING Heroism.
 14289 | Lair:5   | 14289 ||| READING scroll of enchant armour.
 14289 | Lair:5   | 14289 ||| ENCHANTING +0 pair of boots.
 14355 | Lair:5   | Found a runed translucent door.
 14359 | Lair:5   | Noticed qw's ghost (journeyman GrFi)
 14384 | Lair:5   | 14384 ||| INVOKING Heroism.
 14399 | Lair:5   | 14399 ||| INVOKING Finesse.
 14529 | Lair:5   | 14529 ||| INVOKING Heroism.
 14568 | Lair:5   | 14568 ||| Stepping ~*~*~tactically~*~*~ (hiding).
 14660 | Lair:5   | 14660 ||| INVOKING Heroism.
 14917 | Lair:5   | 14917 ||| INVOKING Heroism.
 14992 | Lair:5   | Gained mutation: Your large and strong wings let you fly.
                  | [Gargoyle growth]
 14992 | Lair:5   | Reached XP level 14. HP: 90/90 MP: 21/21
 15025 | Lair:5   | 15025 ||| Stepping ~*~*~tactically~*~*~ (hiding).
 15026 | Lair:5   | 15026 ||| INVOKING Heroism.
 15027 | Lair:5   | 15027 ||| INVOKING Finesse.
 15041 | Lair:5   | Received a gift from Okawaru
 15042 | Lair:5   | Reached skill level 15 in Axes
 15061 | Lair:5   | 15061 ||| Stepping ~*~*~tactically~*~*~ (stealth).
 15062 | Lair:5   | 15062 ||| Stepping ~*~*~tactically~*~*~ (stealth).
 15090 | Lair:5   | Noticed a dire elephant
 15091 | Lair:5   | 15091 ||| Stepping ~*~*~tactically~*~*~ (stealth).
 15093 | Lair:5   | 15093 ||| INVOKING Finesse.
 15102 | Lair:5   | 15102 ||| INVOKING Heroism.
 15115 | Lair:5   | Killed a dire elephant
 15144 | Lair:5   | 15144 ||| Stepping ~*~*~tactically~*~*~ (stealth).
 15150 | Lair:5   | 15150 ||| Stepping ~*~*~tactically~*~*~ (stealth).
 15486 | Lair:5   | 15486 ||| INVOKING Heroism.
 15487 | Lair:5   | 15487 ||| INVOKING Finesse.
 15542 | Lair:5   | Identified the ring "Pipnuv" {Wiz +Blink rElec rCorr Str-4}
 15601 | Lair:5   | 15601 ||| PLANNING D:1-11
 15601 | Lair:5   | 15601 ||| UPGRADING to ring of see invisible.
 15768 | D:11     | 15768 ||| Stepping ~*~*~tactically~*~*~ (hiding).
 15789 | D:11     | 15789 ||| INVOKING Heroism.
 15965 | D:11     | 15965 ||| Stepping ~*~*~tactically~*~*~ (hiding).
 15972 | D:11     | Noticed Nergalle
 15974 | D:11     | 15974 ||| INVOKING Heroism.
 15985 | D:11     | Killed Nergalle
 15988 | D:11     | Reached skill level 12 in Fighting
 16048 | D:11     | Noticed Sonja
 16049 | D:11     | 16049 ||| INVOKING Finesse.
 16056 | D:11     | Killed Sonja
 16100 | D:11     | Identified the +1 plate armour of Ashenzari's Hatred {Will+
                  | Dex+4}
 16111 | D:11     | 16111 ||| Stepping ~*~*~tactically~*~*~ (hiding).
 16302 | D:11     | Found Xiohaddito's Armour Boutique.
 16310 | D:11     | 16310 ||| BUYING +0 plate armour of fire resistance (330
                  | gold).
 16310 | D:11     | Bought a +0 plate armour of fire resistance for 330 gold
                  | pieces
 16310 | D:11     | 16310 ||| BUYING +2 helmet (181 gold).
 16310 | D:11     | Bought a +2 helmet for 181 gold pieces
 16409 | D:11     | 16409 ||| PLANNING D
 16409 | D:11     | 16409 ||| UPGRADING to +1 plate armour of Ashenzari's
                  | Hatred {Will+ Dex+4}.
 16419 | D:11     | 16419 ||| DROPPING +1 plate armour.
 16420 | D:11     | 16420 ||| UPGRADING to +2 helmet.
 16540 | D:12     | 16540 ||| INVOKING Heroism.
 16631 | D:12     | 16631 ||| Stepping ~*~*~tactically~*~*~ (hiding).
 16632 | D:12     | 16632 ||| Stepping ~*~*~tactically~*~*~ (hiding).
 16739 | D:12     | Reached skill level 3 in Throwing
 16770 | D:12     | 16770 ||| Stepping ~*~*~tactically~*~*~ (stealth).
 16774 | D:12     | 16774 ||| Stepping ~*~*~tactically~*~*~ (stealth).
 16775 | D:12     | 16775 ||| Stepping ~*~*~tactically~*~*~ (stealth).
 16777 | D:12     | 16777 ||| Stepping ~*~*~tactically~*~*~ (stealth).
 16779 | D:12     | 16779 ||| Stepping ~*~*~tactically~*~*~ (hiding).
 17049 | D:12     | 17049 ||| Stepping ~*~*~tactically~*~*~ (hiding).
 17050 | D:12     | 17050 ||| Stepping ~*~*~tactically~*~*~ (hiding).
 17052 | D:12     | Noticed Kirke
 17053 | D:12     | 17053 ||| INVOKING Heroism.
 17057 | D:12     | 17057 ||| INVOKING Finesse.
 17058 | D:12     | 17058 ||| Stepping ~*~*~tactically~*~*~ (hiding).
 17074 | D:12     | Killed Kirke
 17074 | D:12     | Received a gift from Okawaru
 17114 | D:12     | 17114 ||| SWAPPING to +4 broad axe of electrocution.
 17115 | D:12     | 17115 ||| DROPPING +0 broad axe of venom.
 17434 | D:12     | 17434 ||| READING scroll labelled KOXU DOM COVIT.
 17530 | D:13     | 17530 ||| Stepping ~*~*~tactically~*~*~ (stealth).
 17533 | D:13     | 17533 ||| Stepping ~*~*~tactically~*~*~ (stealth).
 17535 | D:13     | 17535 ||| INVOKING Heroism.
 17573 | D:13     | 17573 ||| Stepping ~*~*~tactically~*~*~ (stealth).
 17582 | D:13     | 17582 ||| Stepping ~*~*~tactically~*~*~ (hiding).
 17613 | D:13     | Noticed a stone giant
 17614 | D:13     | 17614 ||| INVOKING Heroism.
 17622 | D:13     | Killed a stone giant
 17625 | D:13     | 17625 ||| Stepping ~*~*~tactically~*~*~ (stealth).
 17647 | D:13     | 17647 ||| Stepping ~*~*~tactically~*~*~ (hiding).
 17650 | D:13     | 17650 ||| SWAPPING to +1 demon whip of venom.
 17651 | D:13     | 17651 ||| SWAPPING to +4 broad axe of electrocution.
 17653 | D:13     | 17653 ||| SWAPPING to +1 demon whip of venom.
 17654 | D:13     | 17654 ||| INVOKING Finesse.
 17655 | D:13     | 17655 ||| SWAPPING to +4 broad axe of electrocution.
 17660 | D:13     | 17660 ||| SWAPPING to +1 demon whip of venom.
 17667 | D:13     | 17667 ||| SWAPPING to +4 broad axe of electrocution.
 17678 | D:13     | Noticed a vampire knight
 17680 | D:13     | 17680 ||| INVOKING Heroism.
 17683 | D:13     | Killed a vampire knight
 17685 | D:13     | 17685 ||| SWAPPING to +1 demon whip of venom.
 17686 | D:13     | 17686 ||| Stepping ~*~*~tactically~*~*~ (outnumbered).
 17693 | D:13     | 17693 ||| SWAPPING to +4 broad axe of electrocution.
 17696 | D:13     | 17696 ||| SWAPPING to +1 demon whip of venom.
 17696 | D:13     | HP: 22/92 [ettin/+0 dire flail (16)]
 17697 | D:13     | 17697 ||| READING 7 scrolls of teleportation.
 17697 | D:13     | Slain by an ettin

Levels and vault maps discovered:
D:1:      psy_arrival_terrarium, layout_rooms
D:2:      layout_basic, shapermc_ecumenical_altar_venn
D:3:      layout_loops_corners, marbit_many_paths
D:4:      layout_rooms, serial_corexii_hall, corexii_hall_statues_t,
          corexii_hall_statues_i, chequers_hall_statues_corner_a,
          chequers_hall_statues_corner_a, chequers_hall_statues_y,
          chequers_hall_statues_y, uniq_menkaure
D:5:      minmay_goblin_kobold_castle, layout_gridville,
          nicolae_uskayaw_en_pointe, general_overflow_altar, enter_ossuary_2
D:6:      layout_layer_cave, mainiacjoe_overflow_paths,
          mainiacjoe_overflow_alcove_2, gammafunk_ghost_arena
D:7:      layout_loops_cross, temple_fountains, hangedman_decor_clover_reticule,
          uniq_crazy_yiuf_cottage, uniq_duvessa
D:8:      layout_basic, grunt_decor_mini_mirrors, st_stairs_1
D:9:      layout_stronghold, nicolae_overflow_hidden_temple,
          overflow_temple_1_default, mainiacjoe_overflow_chevrons,
          nemelex_diamond_rough_becter
D:10:     layout_loops_cross, grunt_lair_entry_orc_guard_hut,
          minmay_orc_entry_guard_dogs
D:11:     layout_basic, serial_shops, nicolae_shop_crystal, uniq_nergalle,
          uniq_sonja
D:12:     layout_loops_corners, uniq_kirke
D:13:     minmay_octo_star, layout_rooms, serial_aquarium,
          aquarium_bridge_square [aquarium_subvault_bridge,
          aquarium_subvault_bridge, aquarium_subvault_bridge,
          aquarium_subvault_bridge], aquarium_window_2, aquarium_window_fake,
          aquarium_view_2f, aquarium_view_2a, aquarium_pool_split, uniq_urug,
          uniq_azrael
Temple:   nicolae_temple_god_jail
Lair:1:   gammafunk_boulding_lane, layout_gridlike, uniq_amaemon
Lair:2:   layout_regular_city, serial_bayou_pond_d, lemuel_centaur_altar,
          lemuel_fruit_tree, infiniplex_staircase_pool
Lair:3:   layout_long_grid, swamp_mist, spider_nest_entry_a
Lair:4:   layout_layer_cave, minmay_slime_entry_eyes, minivault_26,
          grunt_megastairs_3
Lair:5:   grunt_lair_end_beastmaster, layout_layer_cave,
          ebering_ghost_reflecting_pool, grunt_forest_small_clearings,
          minivault_11, minivault_24, uniq_rupert

Skill      XL: |  1  2  3  4  5  6  7  8  9 10 11 12 13 14 |
---------------+-------------------------------------------+-----
Axes           | 2 3 4 5 6 7 8 10 11 12 13 14 15 | 15.0
Dodging        | 2 3 4 5 |  5.0
Fighting       | 4 6 7 8 9 10 11 12 | 12.0
Armour         | 4 5 6 8 9 10 11 | 11.4
Shields        | 4 5 6 7 |  7.3
Invocations    | 4 9 10 | 10.1
Throwing       | 1 2 5 |  5.0

Action                   |  1- 3 |  4- 6 |  7- 9 | 10-12 | 13-15 || total
-------------------------+-------+-------+-------+-------+-------++-------
Melee: War axe           |    87 |   103 |     9 |       |       ||   199
       Kick              |       |     9 |    81 |    20 |       ||   110
       Broad axe         |       |       |   301 |   543 |   488 ||  1332
       Demon whip        |       |       |       |       |    12 ||    12
Throw: Boomerang         |       |       |       |    70 |    92 ||   162
       Javelin           |       |       |       |       |     9 ||     9
Invok: Heroism           |       |       |       |    27 |    22 ||    49
       Finesse           |       |       |       |     2 |     9 ||    11
  Use: Scroll            |     1 |     2 |    14 |     9 |     3 ||    29
       Potion            |       |     4 |     6 |     1 |       ||    11
Armor: Scale mail        |    25 |       |       |       |       ||    25
       Chain mail        |    26 |    64 |     4 |       |       ||    94
       Plate armour      |       |       |   198 |   301 |   256 ||   755
Dodge: Dodged            |    29 |    35 |    98 |   187 |   173 ||   522
Block: Buckler           |    17 |    21 |    78 |   150 |   163 ||   429

Table legend:
 A = Non-vault XP
 B = Vault XP
 C = Vault XP percentage of total XP
 D = Non-vault monster count
 E = Vault monster count
 F = Vault count percentage of total count
                 A         B        C        D         E       F
            +---------+---------+-------+---------+---------+-------
      Total |   55622 |   22551 |  28.8 |     354 |     135 |  27.6
            +---------+---------+-------+---------+---------+-------
        D:1 |      22 |       0 |   0.0 |      13 |       0 |   0.0
        D:2 |      65 |       0 |   0.0 |      22 |       0 |   0.0
        D:3 |      56 |       1 |   1.8 |      19 |       1 |   5.0
        D:4 |     435 |     172 |  28.3 |      16 |       1 |   5.9
        D:5 |     544 |     935 |  63.2 |      15 |      56 |  78.9
        D:6 |     710 |       0 |   0.0 |      23 |       0 |   0.0
        D:7 |    1249 |     197 |  13.6 |      16 |       2 |  11.1
        D:8 |     659 |      85 |  11.4 |       8 |       1 |  11.1
        D:9 |    2317 |       0 |   0.0 |      30 |       0 |   0.0
       D:10 |    2568 |     918 |  26.3 |      23 |       7 |  23.3
       D:11 |    4181 |    1548 |  27.0 |      14 |       2 |  12.5
       D:12 |    3621 |    1402 |  27.9 |      22 |       1 |   4.3
       D:13 |    2037 |    4806 |  70.2 |       8 |       8 |  50.0
     Lair:1 |    3741 |    1163 |  23.7 |      14 |       2 |  12.5
     Lair:2 |    7737 |     446 |   5.5 |      30 |       4 |  11.8
     Lair:3 |   11865 |     392 |   3.2 |      34 |       2 |   5.6
     Lair:4 |    2977 |     423 |  12.4 |      17 |       1 |   5.6
     Lair:5 |   10838 |    8828 |  44.9 |      30 |      15 |  33.3
    Ossuary |       0 |    1235 | 100.0 |       0 |      32 | 100.0
            +---------+---------+-------+---------+---------+-------
